Map: 16-Bit LE

Players

Mik - Winner!

  • Race: Zerg Zerg
  • Spawn Location: 7:00

grillbottom

  • Race: Terran Terran
  • League: Silver
  • Spawn Location: 1:00

VOD

Have the link to the VOD?

Description

Time

  • Played on: March 11, 2023, 3:31 a.m.
  • Length: 2:23
Show
View Real Time Build Order
Export as new Build Order

Mik Zerg - Winner!

Build Orders: Pool First 

Get SALT Encoding   

  12  0:11  Drone x2  
  14  0:32  Spawning Pool  
  14  0:34  Overlord  
  13  1:07  Hatchery  
  12  1:19  Zergling x6  
  15  1:26  Queen  
  17  1:46  Zergling x2  
  17  1:47  Zergling x2  
Show
View Real Time Build Order
Export as new Build Order

grillbottom Terran 

Build Orders:  

Get SALT Encoding   

  12  0:00  SCV  
  13  0:13  SCV  
  14  0:18  Supply Depot  
  14  0:25  SCV  
  15  0:40  SCV  
  15  0:41  Barracks  
  16  0:46  Refinery  
  16  0:53  Refinery  
  16  0:56  SCV  
  17  1:09  SCV  
  18  1:21  SCV  
  19  1:28  Reaper, Supply Depot  
  20  1:36  Orbital Command  
  20  1:45  Factory  
  20  2:02  SCV  
  23  2:22  Supply Depot  
Tags
 
League
Silver
Matchup
TvZ
Opening
Pool First
Spawn Locations
Cross Positions
Add a new tag
Caveats
  • Supply blocks, unpowered buildings, or Contaminate may cause inaccurate times.
  • Supply counts are checked every 10 seconds.